AoeStats
← Albanian Terrorist

Arena

508879571Analyzed
1v1 RM · 7d ago on Sep 24, 2026· 45m 55s· 2 players
Game mode
Random Map
Map size
Tiny (2 player)
Population
200
Speed
Normal
Resources
Standard
Victory
Conquest
Starting age
Dark Age
Ending age
Imperial Age
RankedLock teamsTeams togetherTeam positionsShared explorationLock speedFull tech treeHidden civsTurbo modeCheats
Victory
Defeat
🇬🇷 Teutons · Greece
705
+15
🇺🇸 Franks · United States
674
-15
Fart Goblin
10:49 Feudal Age
9:05 Loom
11:22 Double-Bit Axe
18:16 Castle Age
17:11 Fletching
20:56 Husbandry
25:43 Wheelbarrow
25:23 Bodkin Arrow
26:26 Scale Barding Armor
27:58 Forging
28:44 Hand Cart
32:12 Ballistics
31:48 Murder Holes
31:58 Town Watch
35:55 Imperial Age
36:43 Chain Barding Armor
36:25 Padded Archer Armor
37:01 Iron Casting
36:36 Capped Ram
37:04 Cavalier
38:32 Ordonnance Companies
42:21 Chemistry
42:48 Plate Barding Armor
44:13 Conscription
Albanian Terrorist
0:38 Loom
10:18 Feudal Age
11:54 Wheelbarrow
20:59 Castle Age
19:33 Scale Mail Armor
19:44 Forging
19:24 Fletching
19:31 Double-Bit Axe
19:46 Horse Collar
20:16 Gold Mining
20:48 Stone Mining
21:40 Bodkin Arrow
33:40 Imperial Age
32:01 Fortified Wall
32:13 Ballistics
32:04 Guard Tower
33:09 Chain Mail Armor
33:29 Iron Casting
33:52 Pikeman
34:33 Squires
34:21 Arson
36:12 Halberdier
Connection lost

Rejoining the realm…

Still unreachable

The connection could not be restored.

Session expired

The server has moved on; the page needs a fresh start.